 Dungeon Crawl Stone Soup version 0.20-a0-1074-g6a0a8e1 (console) character file.

31 skyler the Ducker (level 3, 0/19 HPs)
             Began as a Spriggan Abyssal Knight on Apr 29, 2017.
             Was a Follower of Lugonu.
             Succumbed to an adder's poison
             ... on level 2 of the Dungeon.
             The game lasted 00:03:05 (1319 turns).

skyler the Ducker (Spriggan Abyssal Knight)         Turns: 1319, Time: 00:03:07

Health: 0/19       AC:  3    Str:  9    XL:     3   Next: 7%
Magic:  5/5        EV: 19    Int: 13    God:    Lugonu [*.....]
Gold:   80         SH:  0    Dex: 15    Spells: 2/2 levels left

rFire    . . .     SeeInvis +   a - +1 short sword
rCold    . . .     Gourm    .   (shield restricted)
rNeg     + . .     Faith    .   b - +1 robe
rPois    .         Spirit   .   (helmet restricted)
rElec    .         Reflect  .   (no cloak)
rCorr    .         Harm     .   (gloves unavailable)
MR       .....                  (boots unavailable)
Stlth    ++........             (no amulet)
Regen    0.1/turn               n - ring of positive energy
MPRegen  0.1/turn               (no ring)

@: lethally poisoned (0 -> -16), very quick
A: unfitting armour, see invisible, herbivore 3, speed 3, slow metabolism 2
a: Depart the Abyss, Renounce Religion


You were on level 2 of the Dungeon.
You worshipped Lugonu.
Lugonu was aware of your devotion.
You were not hungry.

You visited 1 branch of the dungeon, and saw 2 of its levels.
You visited the Abyss 1 time.

You collected 80 gold pieces.

Inventory:

Hand Weapons
 a - a +1 short sword (weapon)
Armour
 b - a +1 robe (worn)
Jewellery
 n - a ring of positive energy (left hand)
Wands
 h - a wand of acid (8/15)
Scrolls
 e - a scroll of fear {unknown}
 i - a scroll of magic mapping {unknown}
 j - 3 scrolls of remove curse {unknown}
 k - a scroll of enchant weapon {unknown}
 o - a scroll of recharging {unknown}
Potions
 d - a potion of might {unknown}
 f - a potion of berserk rage {unknown}
 g - a potion of resistance
 l - a potion of flight {unknown}
 m - a potion of brilliance {unknown}
Comestibles
 c - 2 bread rations


   Skills:
 + Level 2.5 Fighting
 * Level 2.7 Short Blades
 + Level 3.7 Dodging
 * Level 2.2 Stealth
 + Level 2.2 Invocations


You had 2 spell levels left.
You didn't know any spells.

Dungeon Overview and Level Annotations

Branches:
Dungeon (2/15)

Altars:


Innate Abilities, Weirdness & Mutations

You are very small and have problems with some larger weapons.
You are too small for most types of armour.
You have supernaturally acute eyesight. (SInv)
You are a herbivore.
You cover ground extremely quickly.
You need consume almost no food.


Message History

You feel sick. The adder barely misses you. The adder bites you.
You are more poisoned.
The adder poisons you!
You closely miss the adder.
The adder is lightly wounded.
You feel sick. The adder bites you.
* * * LOW HITPOINT WARNING * * *
You hit the adder but do no damage.
The adder is lightly wounded.
* * * LOW HITPOINT WARNING * * *
You feel sick. The adder bites you.
* * * LOW HITPOINT WARNING * * *
Okay, then.
You barely miss the adder.
The adder is lightly wounded.
* * * LOW HITPOINT WARNING * * *
You feel sick. The adder closely misses you.
You closely miss the adder.
The adder is lightly wounded.
You die...

#.## ##.### #.#
##.###.## ##+##
####.#.## ##...##
#.......# ##.....##
#.......###.......##
#.......##.........#
...........'.........+
###.......##....S....#
#.......###...@...#
#.......# ##.....##
####.#### ##...## #.
##+## #.


You could see an adder.

Vanquished Creatures
  An adder (D:2)
  4 bats
  A giant cockroach (D:1)
  6 hobgoblins (D:1)
  3 frilled lizards
  2 goblins (D:1)
  3 kobolds
  2 rats (D:1)
22 creatures vanquished.

Notes
Turn   | Place    | Note
-------+----------+-------------------------------------------
     0 | Abyss:1  | skyler the Spriggan Abyssal Knight began the quest for the Orb.
     0 | Abyss:1  | Reached XP level 1. HP: 11/11 MP: 3/3
    42 | Abyss:1  | Noticed a red devil
    57 | Abyss:1  | Noticed a demonic crawler
    73 | Abyss:2  | Found a corrupted altar of Lugonu.
    86 | Abyss:2  | Noticed an apocalypse crab
   128 | Abyss:2  | Found an iron altar of Okawaru.
   179 | Abyss:2  | Noticed a raiju
   189 | Abyss:2  | Noticed a neqoxec
   212 | Abyss:2  | Noticed a small abomination
   216 | Abyss:2  | Noticed a smoke demon
   221 | D:1      | Escaped the Abyss
   309 | D:1      | Reached skill level 1 in Stealth
   606 | D:1      | Reached XP level 2. HP: 7/16 MP: 4/4
   888 | D:1      | Reached * piety under Lugonu
  1309 | D:2      | Reached XP level 3. HP: 16/19 MP: 5/5
  1319 | D:2      | Succumbed to an adder's poison

Vault maps used:
D:1:      minmay_arrival_solitary_statue
D:2:      lemuel_doored_altar, minmay_misc_feat_columns, fedhas_altar_2

Skill      XL: |  1  2 |
---------------+-------+-----
Stealth        | 1 2 |  2.2
Invocations    | 2 |  2.2
Fighting       | |  2.5
Short Blades   | |  2.7
Dodging        | |  3.7

Action                   || total
-------------------------++-------
Melee: Short sword       ||    73
Invok: Depart the Abyss  ||     1
  Use: Scroll            ||     3
 Stab: Sleeping          ||     8
Armor: Robe              ||    10
Dodge: Dodged            ||    49
